 Dungeon Crawl Stone Soup version 0.25.0-65-g31bcc41 (webtiles) character file.

1407 Dorkslayer the Shield-Bearer (level 8, -6/52 HPs)
             Began as a Gargoyle Fighter on Nov 10, 2020.
             Was a Follower of Okawaru.
             Killed by divine providence
             ... invoked by an orc priest
              (11 damage)
             ... on level 1 of the Dungeon.
             The game lasted 00:02:35 (621 turns).

Dorkslayer the Shield-Bearer (Gargoyle Fighter)      Turns: 621, Time: 00:02:35

Health: -6/52      AC: 13    Str: 22    XL:     8   Next: 70%
Magic:  8/8        EV:  8    Int:  9    God:    Okawaru [*.....]
Gold:   166        SH: 10    Dex:  9    Spells: 7/7 levels left

rFire    . . .     SeeInvis .   a - +0 long sword
rCold    . . .     Gourm    .   c - +0 shield
rNeg     + . .     Faith    .   b - +0 scale mail
rPois    ∞         Spirit   .   (no helmet)
rElec    +         Reflect  .   (no cloak)
rCorr    .         Harm     .   (no gloves)
MR       .....                  (no boots)
Stlth    ..........             (no amulet)
HPRegen  0.17/turn              (no ring)
MPRegen  0.11/turn              (no ring)

@: no status effects
A: negative energy resistance 1, electricity resistance, unbreathing,
petrification resistance, rot immunity, AC +5
a: Heroism, Renounce Religion


You were on level 1 of the Dungeon.
You worshipped Okawaru.
Okawaru was aware of your devotion.
You were not hungry.

You visited 2 branches of the dungeon, and saw 2 of its levels.

You collected 166 gold pieces.

Inventory:

Hand Weapons
 a - a +0 long sword (weapon)
Missiles
 d - 5 tomahawks (quivered)
Armour
 b - a +0 scale mail (worn)
 c - a +0 shield (worn)
Scrolls
 e - 2 scrolls of teleportation
 j - a scroll of immolation {unknown}
 l - 2 scrolls of identify {unknown}
 n - 3 scrolls of magic mapping
Potions
 g - 2 potions of cancellation {unknown}
 i - 2 potions of degeneration {unknown}
 k - a potion of mutation {unknown}
 m - a potion of ambrosia {unknown}
 o - a potion of curing {unknown}
 q - a potion of flight {unknown}
Comestibles
 f - 3 rations
 p - 9 chunks of flesh


   Skills:
 + Level 6.4 Fighting
 + Level 4.3 Long Blades
 * Level 0.1 Throwing
 + Level 6.7 Armour
 + Level 0.5 Dodging
 + Level 6.9 Shields
 * Level 1.0 Invocations


You had 7 spell levels left.
You didn't know any spells.
Your spell library was empty.

Dungeon Overview and Level Annotations

Branches:
Dungeon (1/3)              Temple (1/1) D:1

Altars:
Ashenzari
Cheibriados
Elyvilon
Fedhas
Gozag
Makhleb
Okawaru
Qazlal
Ru
Trog
Vehumet
Xom
The Shining One


Innate Abilities, Weirdness & Mutations

You are resistant to torment.
Your stone body is resilient. (AC +5)
You are immune to poison.
You resist negative energy. (rN+)
You are resistant to electric shocks. (rElec)
You can survive without breathing.
You are immune to petrification.
You are immune to rotting.


Message History

You block the orc warrior's attack.
The orc priest looks encouraged for a moment.
You see here a centaur barding.
You barely miss the orc warrior.
The orc warrior hits you but does no damage.
The orc priest mumbles some strange prayers to Beogh against you.
Beogh smites you!
You hit the orc warrior but do no damage.
The orc warrior hits you with a +0 halberd.
You block the orc warrior's attack.
You barely miss the orc warrior.
The orc priest invokes the aid of Beogh against you.
Beogh smites you! You block the orc warrior's attack.
The orc priest mumbles some strange prayers to Beogh against you.
Beogh smites you!
* * * LOW HITPOINT WARNING * * *
You hit the orc warrior but do no damage.
The orc priest invokes the aid of Beogh against you.
Beogh smites you!
You die...

,,,,,,,,,,,,).$.............#.##.
,,,,,,,,,,,,................#.##.
,,,,,,,,,,,,)...............#.##.
,,,,,,,,,,,,................#.#(.
,,,,,,,,,,,,....$...........#.#..
,,,,,,,,,,,,................#.#..
,,,,,,,,,,,,..(.............#.###
************#######.#########.#
#ooo@...# #.# #.####### #.###
*,###############...#
*,#.............'...#
*,#.###..########...#
*,#..#.....# #..## *,#..##..^##
##..# *,####..#..#####)[.##
*,#...........##)##..


You could see an orc warrior, an orc priest and an orc.

Vanquished Creatures
  A centaur (D:1)
  3 orc priests (D:1)
  An orc wizard (D:1)
  A worker ant (D:1)
  A hound skeleton (D:1)
  A howler monkey skeleton (D:1)
  A gnoll (D:1)
  A shadow imp (D:1)
  6 orcs (D:1)
  7 jackals (D:1)
  A quokka (D:1)
24 creatures vanquished.

Notes
Turn   | Place    | Note
-------+----------+-------------------------------------------
     0 | D:1      | Dorkslayer the Gargoyle Fighter began the quest for the
                  | Orb.
     0 | D:1      | Reached XP level 1. HP: 14/14 MP: 1/1
    75 | D:1      | Noticed an orc priest
    75 | D:1      | Noticed an orc priest
    76 | D:1      | Noticed an orc priest
    77 | D:1      | Found a staircase to the Ecumenical Temple.
    81 | D:1      | Killed an orc priest
    81 | D:1      | Reached XP level 2. HP: 16/20 MP: 2/2
    81 | D:1      | Reached XP level 3. HP: 19/24 MP: 3/3
    81 | D:1      | Reached XP level 4. HP: 24/30 MP: 4/4
    81 | D:1      | Reached XP level 5. HP: 27/34 MP: 5/5
    84 | D:1      | Reached skill level 5 in Shields
    84 | D:1      | Reached XP level 6. HP: 31/40 MP: 6/6
    85 | D:1      | Reached skill level 5 in Armour
    87 | D:1      | Reached skill level 5 in Fighting
    87 | D:1      | Reached XP level 7. HP: 34/44 MP: 7/7
   108 | Temple   | Entered the Ecumenical Temple
   132 | Temple   | Became a worshipper of Warmaster Okawaru
   195 | D:1      | Reached * piety under Okawaru
   195 | D:1      | Reached XP level 8. HP: 48/51 MP: 8/8
   441 | D:1      | Found a blossoming altar of Fedhas.
   461 | D:1      | Reached skill level 1 in Invocations
   621 | D:1      | Killed from afar by an orc priest

Skill      XL: |  1  2  3  4  5  6  7  8 |
---------------+-------------------------+-----
Fighting       | 4 5 6 |  6.4
Long Blades    | 2 3 4 |  4.3
Armour         | 4 5 6 |  6.7
Shields        | 4 5 6 |  6.9
Invocations    | 1 |  1.0
Throwing       | |  0.1
Dodging        | |  0.5

Action                   |  1- 3 |  4- 6 |  7- 9 || total
-------------------------+-------+-------+-------++-------
Melee: Long sword        |     2 |     5 |    78 ||    85
  Use: Potion            |     1 |       |       ||     1
       Scroll            |       |       |     4 ||     4
Armor: Scale mail        |       |     5 |    41 ||    46
Dodge: Dodged            |       |     3 |    36 ||    39
Block: Shield            |     2 |     7 |    57 ||    66
       Rpst.: Long sword |       |     2 |     7 ||     9
